 Dungeon Crawl Stone Soup version 0.30.1 (webtiles) character file.

Game seed: 16404832249762162897

4224 Fodor the Carver (level 10, -2/88 HPs)
             Began as a Minotaur Fighter on July 6, 2023.
             Was an Initiate of Gozag.
             Slain by an 11-headed hydra (11 damage)
             ... on level 8 of the Dungeon on July 7, 2023.
             The game lasted 00:47:01 (7327 turns).

Fodor the Carver (Minotaur Fighter)                 Turns: 7327, Time: 00:47:02

Health: -2/88      AC: 18    Str: 24    XL:     10   Next: 9%
Magic:  9/9        EV:  9    Int: 11    God:    Gozag
Gold:   451        SH:  6    Dex: 14    Spells: 9/9 levels left

rFire   . . .        a - +0 long sword (drain)
rCold   . . .        c - +0 buckler
rNeg    + . .        f - +2 plate armour
rPois   +            (helmet restricted)
rElec   .            (no cloak)
rCorr   .            B - +2 pair of gloves
SInv    .            (no boots)
Will    .....        (no amulet) Stlth
                     r - ring "Pyet" {rN+ Int+6 Dex+3}
HPRegen 0.34/turn    l - ring of poison resistance
MPRegen 0.11/turn

%: no passive effects
@: about to teleport, studying Hexes
A: horns 2, retaliatory headbutt
a: Renounce Religion, Potion Petition, Call Merchant, Bribe Branch


You were on level 8 of the Dungeon.
You worshipped Gozag.
Gozag was aware of your devotion.
You visited 2 branches of the dungeon, and saw 9 of its levels.

You collected 1155 gold pieces.
You spent 90 gold pieces at shops.
You paid 614 gold pieces to Gozag.

Inventory:

Hand Weapons
 a - a +0 long sword of draining (weapon)
 e - a +0 shortbow
 k - a +2 dagger of venom
Missiles
 g - 10 poisoned darts (quivered)
 G - a curare-tipped dart
Armour
 c - a +0 buckler (worn)
 f - a +2 plate armour (worn)
 n - the +5 ring mail of Polid {Will- Dex+3 SInv}
   (You found it on level 2 of the Dungeon)

   Dex:       It affects your dexterity (+3).
   SInv:      It lets you see invisible.
   Will:      It decreases your willpower.
 B - a +2 pair of gloves (worn)
Jewellery
 l - a ring of poison resistance (right hand)
 r - the ring "Pyet" (left hand) {rN+ Int+6 Dex+3}
   (You found it on level 3 of the Dungeon)

   [ring of intelligence]

   Int:       It affects your intelligence (+6).
   Dex:       It affects your dexterity (+3).
   rN:        It protects you from negative energy.
Wands
 b - a wand of digging (9)
 q - a wand of mindburst (11)
 s - a wand of polymorph (7)
 u - a wand of charming (21)
 x - a wand of flame (18)
Scrolls
 h - 2 scrolls of brand weapon
 o - 2 scrolls of teleportation
 p - a scroll of immolation
 w - 2 scrolls of blinking
 y - 3 scrolls of vulnerability
 z - a scroll of acquirement
 C - a scroll of amnesia
 E - 3 scrolls of enchant weapon
Potions
 d - a potion of might
 i - 5 potions of curing
 j - 2 potions of attraction {unknown}
 m - 2 potions of heal wounds
 t - a potion of magic {unknown}
 v - 2 potions of haste {unknown}
 A - 2 potions of lignification {unknown}
 D - a potion of cancellation {unknown}
 F - a potion of resistance


   Skills:
 + Level 7.7 Fighting
 + Level 5.1(7.4) Short Blades
 + Level 8.9(9.7) Long Blades
 + Level 7.9 Armour
 + Level 5.7 Dodging
 + Level 3.1 Stealth
 + Level 7.4 Shields


You had 9 spell levels left.
You didn't know any spells.
Your spell library contained the following spells:

 Spells                   Type           Power      Damage    Failure   Level
 Magic Dart               Conj           0%         1d3       99%         1
 Sandblast                Erth           0%         2d4       99%         1
 Call Imp                 Summ           0%         N/A       100%        2
 Ensorcelled Hibernation  Hex/Ice        0%         N/A       100%        2
 Passwall                 Tmut/Erth      0%         N/A       100%        2
 Mephitic Cloud           Conj/Pois/Air  0%         N/A       100%        3
 Ozocubu's Armour         Ice            0%         N/A       100%        3
 Stone Arrow              Conj/Erth      0%         3d7       100%        3
 Swiftness                Air            0%         N/A       100%        3
 Olgreb's Toxic Radiance  Pois           0%         N/A       100%        4
 Fireball                 Conj/Fire      0%         3d3       100%        5
 Iskenderun's Battlesphe  Conj           0%         2d6       100%        5
 Conjure Ball Lightning   Conj/Air       0%         3x3d6     100%        6
 Orb of Destruction       Conj           0%         9d5       100%        7
 Ozocubu's Refrigeration  Ice            0%         4d7       100%        7
 Discord                  Hex            0%         N/A       100%        8
 Ignition                 Fire           0%         3d3       100%        8


Dungeon Overview and Level Annotations

Branches:
Dungeon (8/15)             Temple (1/1) D:4
   Lair: D:8-11

Altars:
Ashenzari
Cheibriados
Dithmenos
Elyvilon
Fedhas
Gozag
Hepliaklqana
Nemelex Xobeh
Okawaru
Vehumet
Xom
Yredelemnul

Shops:
D:4 :   D:8 ?

Annotations:
D:8 2 runed translucent doors


Innate Abilities, Weirdness & Mutations

You have a pair of horns on your head.
You reflexively headbutt those who attack you in melee.


Message History

The 11-headed hydra bites you!
* * * LOW HITPOINT WARNING * * *
The 11-headed hydra bites you but does no damage. x2
The 11-headed hydra bites you.
* * * LOW HITPOINT WARNING * * *
The 11-headed hydra misses you. You block the 11-headed hydra's attack.
The 11-headed hydra bites you!
* * * LOW HITPOINT WARNING * * *
The 11-headed hydra barely misses you.
The cyclops rages.
You feel much better.
The yak rages.
The 11-headed hydra bites you but does no damage. x2
The 11-headed hydra barely misses you. The 11-headed hydra bites you!
* * * LOW HITPOINT WARNING * * *
You block the 11-headed hydra's attack.
The 11-headed hydra bites you but does no damage.
The 11-headed hydra barely misses you.
The 11-headed hydra bites you but does no damage.
The 11-headed hydra closely misses you. The 11-headed hydra barely misses you.
The 11-headed hydra bites you but does no damage.
Okay, then.
Blink to where?
Press: ? - help, Dir - move target
As you read the scroll of blinking, it crumbles to dust.
You hear a roar!
You hear a bellow!
The 11-headed hydra rages.
As you read the scroll of teleportation, it crumbles to dust.
You feel strangely unstable.
You hear a bellow!
The 11-headed hydra bites you.
* * * LOW HITPOINT WARNING * * *
The 11-headed hydra bites you.
* * * LOW HITPOINT WARNING * * *
The 11-headed hydra bites you but does no damage.
The 11-headed hydra barely misses you. The 11-headed hydra bites you.
* * * LOW HITPOINT WARNING * * *
The 11-headed hydra bites you!
You die...
Your body crumbles into a pile of gold.

# # ### #########
#.## ###.....D.#
...#####...###.#@#
....##...####y##.#
#..#...### #Y###.##
#....#######'###..#
..#### ##DCyY###..#
### ...+.oDp###..#
# ####.FSo###..#
#####+###..#
#####.###..#


You could see a 11-headed hydra (berserk, drained).

Vanquished Creatures
  2 wyverns
  4 yaks (D:8)
  Menkaure (D:5)
  2 acid dragons
  3 water moccasins (D:7)
  3 black bears
  2 orc warriors
  4 sky beasts
  An ice beast (D:6)
  2 ogres (D:5)
  2 centaurs
  2 kobold brigands
  A gnoll sergeant (D:8)
  A bullfrog (D:7)
  4 scorpions
  3 killer bees (D:7)
  An electric eel (D:7)
  2 hounds
  3 jellies
  A gnoll bouda (D:7)
  2 orc priests (D:8)
  2 iguanas
  Ijyb (D:3)
  Terence (D:2)
  2 sleepcaps
  7 orc wizards
  8 gnolls
  An adder (D:5)
  A shadow imp (D:7)
  2 white imps (D:7)
  An ufetubus (D:6)
  3 worms
  A dart slug (D:2)
  22 orcs
  14 bats
  6 endoplasms
  5 goblins
  3 hobgoblins
  2 jackals (D:4)
  4 quokkas
  3 ball pythons
  2 frilled lizards (D:3)
  15 kobolds
  3 rats
155 creatures vanquished.

Notes
Turn   | Place    | Note
-------+----------+-------------------------------------------
     0 | D:1      | Fodor the Minotaur Fighter began the quest for the Orb.
     0 | D:1      | Reached XP level 1. HP: 19/19 MP: 0/0
   168 | D:1      | Reached XP level 2. HP: 27/27 MP: 1/1
   766 | D:2      | Reached XP level 3. HP: 23/33 MP: 2/2
   766 | D:2      | Identified the +5 ring mail of Polid {Will- Dex+3 SInv}
   801 | D:2      | Noticed Terence
   814 | D:2      | Killed Terence
   815 | D:2      | Reached skill level 1 in Short Blades
   815 | D:2      | Reached skill level 3 in Long Blades
   815 | D:2      | Reached skill level 1 in Dodging
  1210 | D:2      | Reached XP level 4. HP: 40/40 MP: 3/3
  1403 | D:3      | Identified the ring "Pyet" {rN+ Int+6 Dex+3}
  1435 | D:3      | Noticed Ijyb
  1435 | D:3      | Noticed a centaur
  1449 | D:3      | Killed Ijyb
  1457 | D:3      | Killed a centaur
  1458 | D:3      | Reached XP level 5. HP: 25/47 MP: 4/4
  2323 | D:4      | Reached XP level 6. HP: 37/55 MP: 5/5
  2395 | D:4      | Found a staircase to the Ecumenical Temple.
  2410 | Temple   | Entered the Ecumenical Temple
  2437 | Temple   | Became a worshipper of Gozag Ym Sagoz the Greedy
  2722 | D:4      | Reached skill level 5 in Fighting
  3161 | D:4      | Found Guewunic's Book Emporium.
  3316 | D:4      | Reached skill level 5 in Armour
  3643 | D:5      | Entered Level 5 of the Dungeon
  3673 | D:5      | Reached skill level 1 in Stealth
  3673 | D:5      | Reached skill level 5 in Shields
  3673 | D:5      | Reached XP level 7. HP: 61/61 MP: 6/6
  3698 | D:5      | Found an iron altar of Okawaru.
  3698 | D:5      | Found a basalt altar of Yredelemnul.
  3715 | D:5      | Noticed Menkaure
  3727 | D:5      | Killed Menkaure
  4165 | D:5      | Reached XP level 8. HP: 16/70 MP: 7/7
  4820 | D:6      | Reached skill level 4 in Long Blades
  4944 | D:6      | Reached skill level 5 in Short Blades
  5090 | D:6      | Reached skill level 5 in Long Blades
  5275 | D:7      | Reached XP level 9. HP: 55/78 MP: 8/8
  5549 | D:7      | Reached skill level 6 in Long Blades
  5792 | D:7      | Reached skill level 7 in Long Blades
  5819 | D:7      | Reached skill level 5 in Dodging
  6142 | D:7      | Identified the +1 ring mail "Vyda" {rN+ Will+}
  6201 | D:7      | Found a snail-covered altar of Cheibriados.
  6791 | D:8      | Reached skill level 8 in Long Blades
  7092 | D:8      | Bought a scroll of identify for 30 gold pieces
  7092 | D:8      | Bought a scroll of identify for 30 gold pieces
  7092 | D:8      | Bought a scroll of identify for 30 gold pieces
  7092 | D:8      | Identified a scroll of acquirement
  7113 | D:8      | Reached XP level 10. HP: 80/86 MP: 9/9
  7279 | D:8      | Noticed a cyclops
  7279 | D:8      | Noticed a fire dragon
  7280 | D:8      | Found a runed translucent door.
  7280 | D:8      | Found a runed translucent door.
  7280 | D:8      | Noticed a moth of wrath
  7280 | D:8      | Noticed a seven-headed hydra
  7305 | D:8      | Found a runed translucent door.
  7305 | D:8      | Noticed a death knight
  7323 | D:8      | HP: 4/88 [11-headed hydra (9)]
  7327 | D:8      | Slain by an 11-headed hydra

Illustrated notes

Levels and vault maps discovered:
D:1:      dpeg_arrival_orchard, layout_basic
D:2:      layout_loops_ring, uniq_terence
D:3:      layout_basic, uniq_ijyb
D:4:      wad_crossroads, layout_loops_corners, minmay_temple_entry_slanted,
          serial_shops, nicolae_lakefront_shop
D:5:      layout_rooms, gammafunk_temple_overflow_wave, minmay_manual_mullet,
          uniq_menkaure
D:6:      layout_rooms, st_stairs_6, chequers_serial_rivers_marsh,
          grunt_ministairs_4, minmay_door_square
D:7:      layout_loops_ring, cheibriados_altar_1, kennysheep_another_room,
          serial_bayou_ford_a, minmay_misc_feat_x,
          minmay_misc_feat_secret_circle, kennysheep_nondescript,
          hangedman_decor_clover_reticule
D:8:      minmay_the_grid_triangle_9x9_rhombus_full
          [minmay_the_grid_triangle_9x9_steps,
          minmay_the_grid_triangle_9x9_thin_v,
          minmay_the_grid_triangle_9x9_fully_insulated_deathbox,
          minmay_the_grid_triangle_9x9_sprig,
          minmay_the_grid_triangle_9x9_dagger,
          minmay_the_grid_triangle_9x9_shrine,
          minmay_the_grid_triangle_9x9_wacky_v,
          minmay_the_grid_triangle_9x9_prize_special], layout_cave_pools,
          serial_rivers, chequers_serial_rivers_micro_e,
          chequers_serial_rivers_small_b, chequers_serial_rivers_micro_e,
          chequers_serial_rivers_room_a
Temple:   nicolae_temple_god_jail

Skill      XL: |  1  2  3  4  5  6  7  8  9 |
---------------+----------------------------+-----
Fighting       | 4 5 6 7 |  7.7
Armour         | 4 5 6 7 |  7.9
Short Blades   | 1 2 3 4 5 |  5.1
Long Blades    | 3 5 8 |  8.9
Dodging        | 1 2 3 4 5 |  5.7
Shields        | 4 5 6 7 |  7.4
Stealth        | 1 2 3 |  3.1

Action                     |  1- 3 |  4- 6 |  7- 9 | 10-12 || total
---------------------------+-------+-------+-------+-------++-------
  Melee: Long sword        |    31 |       |   236 |    28 ||   295
         Headbutt          |    13 |    20 |    54 |     6 ||    93
         Dagger            |    47 |    98 |    22 |       ||   167
  Throw: Dart              |       |       |     2 |       ||     2
 Invoke: Call Merchant     |       |       |     1 |       ||     1
    Use: Potion            |       |     1 |       |     2 ||     3
         Scroll            |       |     6 |     8 |     2 ||    16
   Stab: Sleeping          |       |     1 |       |     1 ||     2
         Distracted        |       |       |     2 |       ||     2
 Armour: Scale mail        |    39 |       |       |       ||    39
         Ring mail         |     4 |    35 |   125 |     8 ||   172
         Skin              |       |    36 |       |       ||    36
         Plate armour      |       |       |       |    40 ||    40
  Dodge: Dodged            |    60 |    38 |   172 |    41 ||   311
  Block: Buckler           |    19 |    34 |    85 |    23 ||   161
